[Event "FRA-ch Youth U16 2019"]
[Site "Hyeres"]
[Date "2019.04.19"]
[Round "7.3"]
[White "Defromont, Benjamin"]
[Black "Lary, Damien"]
[Result "1-0"]
[ECO "C15"]
[WhiteElo "2200"]
[BlackElo "2067"]
[Annotator "NA"]
[PlyCount "190"]
[EventDate "2019.04.14"]
[EventType "swiss"]
[EventCountry "FRA"]
[SourceTitle "playchess.com"]
[Source "ChessBase"]
[SourceQuality "1"]
[TimeControl "5400+30"]

1. e4 e6 2. d4 d5 3. Nc3 Bb4 4. Bd3 Nc6 5. Nge2 dxe4 6. Bxe4 Nf6 7. Bf3 e5 8. Bxc6+ bxc6 9. O-O Bg4 10. dxe5 Qxd1 11. Rxd1 Bxc3 12. bxc3 Bxe2 13. Re1 Nd5 14. Rxe2 Nxc3 15. Re1 O-O 16. Bb2 Nd5 17. e6 Rfe8 18. exf7+ Kxf7 19. Bd4 a5 20. a3 a4 21. Kf1 Nb6 22. Bc5 Nc4 23. Bb4 Rad8 24. Rxe8 Rxe8 25. Rd1 Nb6 26. Rd4 Re5 27. Rg4 g6 28. Rh4 h5 29. Rf4+ Ke6 30. Rf8 c5 31. Bc3 Rf5 32. Rg8 g5 33. Bd2 g4 34. Ke2 Nc4 35. Bc1 Nd6 36. Ra8 Nb5 37. c4 Nc3+ 38. Ke1 Kd7 39. Be3 Kc6 40. Rb8 Re5 41. Kd2 Ne4+ 42. Kd3 Nf6 43. Ra8 Nd7 44. Rxa4 Re8 45. Ra6+ Nb6 46. Ra5 Nd7 47. a4 Rb8 48. Rb5 Ra8 49. a5 Re8 50. Rb1 Ra8 51. Bd2 Ne5+ 52. Kc3 Rxa5 53. Kb3 Ra8 54. Re1 Nd3 55. Re6+ Kd7 56. Rh6 Nxf2 57. Rxh5 Rb8+ 58. Kc2 Ne4 59. Be3 Rb4 60. Kd3 Nd6 61. Bxc5 Rb2 62. g3 Rb3+ 63. Kd4 Rb2 64. Ba3 Rd2+ 65. Kc3 Ne4+ 66. Kb4 c5+ 67. Kb5 Kd6 68. Rh6+ Ke5 69. Bxc5 Rb2+ 70. Kc6 Rc2 71. Rh5+ Ke6 72. Kb5 Rb2+ 73. Bb4 Nd6+ 74. Kc5 Ne4+ 75. Kd4 Rxb4 76. Re5+ Kf6 77. Rxe4 Kf5 78. Re2 Rb1 79. c5 Rd1+ 80. Kc4 Rc1+ 81. Kd5 Rd1+ 82. Kc6 Rc1 83. Kd6 Rd1+ 84. Kc7 Rc1 85. c6 Kf6 86. Kd7 Rd1+ 87. Kc8 Rc1 88. c7 Kf5 89. Re7 Kf6 90. Kd8 Rc2 91. Rd7 Rxh2 92. c8=Q Rh8+ 93. Kc7 Rxc8+ 94. Kxc8 Ke5 95. Rf7 Ke4 1-0

[Event "FRA-ch Youth U16 2019"]
[Site "Hyeres"]
[Date "2019.04.19"]
[Round "7.4"]
[White "Robert, Mathias"]
[Black "Popov, Konstantin"]
[Result "0-1"]
[ECO "B85"]
[WhiteElo "2168"]
[BlackElo "2328"]
[Annotator "NA"]
[PlyCount "82"]
[EventDate "2019.04.14"]
[EventType "swiss"]
[EventCountry "FRA"]
[SourceTitle "playchess.com"]
[Source "ChessBase"]
[SourceQuality "1"]
[TimeControl "5400+30"]

1. e4 c5 2. Nf3 d6 3. d4 Nf6 4. Nc3 cxd4 5. Nxd4 a6 6. a4 e6 7. Be2 Qc7 8. O-O Be7 9. Be3 O-O 10. f4 Nc6 11. Nb3 b6 12. Qe1 Bb7 13. Qf2 Nd7 14. Rad1 Nc5 15. Nxc5 dxc5 16. Kh1 Rad8 17. Bd3 Nd4 18. Ne2 Nxe2 19. Qxe2 b5 20. axb5 axb5 21. c3 Qc6 22. Rde1 c4 23. Bc2 f5 24. exf5 exf5 25. Bd4 Bf6 26. Bxf5 Bxd4 27. Be6+ Kh8 28. cxd4 Rxd4 29. f5 Rfd8 30. f6 gxf6 31. Qf2 Rf4 32. Qe2 Re8 33. Rxf4 Rxe6 34. Rf2 Rxe2 35. Rfxe2 Kg7 36. h4 Kg6 37. Kh2 b4 38. Rf2 Qd6+ 39. g3 Qd4 40. Rfe2 c3 41. bxc3 bxc3 0-1

[Event "FRA-ch Youth U16 2019"]
[Site "Hyeres"]
[Date "2019.04.20"]
[Round "8.1"]
[White "Degraeve, Remy"]
[Black "Harutyunyan, Ruben"]
[Result "1-0"]
[ECO "A06"]
[WhiteElo "2312"]
[BlackElo "2310"]
[Annotator "NA"]
[PlyCount "133"]
[EventDate "2019.04.14"]
[EventType "swiss"]
[EventCountry "FRA"]
[SourceTitle "playchess.com"]
[Source "ChessBase"]
[SourceQuality "1"]
[TimeControl "5400+30"]

1. b3 d5 2. Nf3 Bg4 3. e3 c6 4. Bb2 e6 5. h3 Bh5 6. d3 Nd7 7. Nbd2 a5 8. a4 f6 9. Be2 Bf7 10. e4 Bd6 11. d4 Ne7 12. Bd3 Ng6 13. g3 e5 14. O-O O-O 15. Re1 Qc7 16. Bf1 Rae8 17. Bg2 Bb4 18. c3 Bd6 19. Qc2 Qb6 20. dxe5 Bxe5 21. Nxe5 fxe5 22. Ba3 Ne7 23. Qd3 Be6 24. Qe3 Qxe3 25. Rxe3 Rf7 26. Rb1 h6 27. Bd6 Nc8 28. Ba3 Ncb6 29. Rbe1 g5 30. Rd3 Rc8 31. Bd6 Kg7 32. exd5 Bxd5 33. Bxe5+ Nxe5 34. Rxe5 Nd7 35. Re2 Bxg2 36. Kxg2 Nc5 37. Rd4 Rcf8 38. h4 Kh7 39. f3 Kg7 40. Rg4 Rf5 41. f4 Kg6 42. hxg5 hxg5 43. Nf3 Rd8 44. Re3 Kh5 45. Rxg5+ Rxg5 46. Nxg5 Nxb3 47. Kh3 Nc5 48. g4+ Kg6 49. Ne6 Rd3 50. Rxd3 Nxd3 51. f5+ Kf6 52. Nd4 Kg5 53. Kg3 Nb2 54. Nf3+ Kf6 55. Kf4 Nd3+ 56. Ke3 Nb2 57. Ke4 Nxa4 58. g5+ Kf7 59. f6 Nxc3+ 60. Kf5 Ne2 61. g6+ Kg8 62. Ng5 Ng3+ 63. Ke6 a4 64. f7+ Kg7 65. Nh7 Kxg6 66. f8=Q Kxh7 67. Kf7 1-0

[Event "FRA-ch Youth U16 2019"]
[Site "Hyeres"]
[Date "2019.04.20"]
[Round "8.2"]
[White "Zachary, Matheo"]
[Black "Defromont, Benjamin"]
[Result "1-0"]
[ECO "C77"]
[WhiteElo "2281"]
[BlackElo "2200"]
[Annotator "NA"]
[PlyCount "99"]
[EventDate "2019.04.14"]
[EventType "swiss"]
[EventCountry "FRA"]
[SourceTitle "playchess.com"]
[Source "ChessBase"]
[SourceQuality "1"]
[TimeControl "5400+30"]

1. e4 e5 2. Nf3 Nc6 3. Bb5 a6 4. Ba4 Nf6 5. Bxc6 dxc6 6. d3 Bd6 7. Nbd2 Qe7 8. b3 Be6 9. Bb2 Nd7 10. Nf1 O-O-O 11. Ne3 g6 12. a3 f5 13. Nd2 f4 14. Nec4 g5 15. Qe2 g4 16. O-O-O h5 17. Kb1 Kb8 18. Nxd6 cxd6 19. Nc4 f3 20. gxf3 Rhf8 21. Nd2 gxf3 22. Qe3 Bh3 23. Nc4 Bg2 24. Rhe1 Nf6 25. d4 Ng4 26. Qd2 h4 27. dxe5 dxe5 28. Qa5 Rfe8 29. Bc3 Rxd1+ 30. Rxd1 Qc7 31. Qc5 Rd8 32. Rxd8+ Qxd8 33. Bxe5+ Nxe5 34. Qxe5+ Ka8 35. Kb2 Bh3 36. Qc3 Be6 37. Ne5 Qd1 38. Nxf3 Qf1 39. Qh8+ Ka7 40. Qd4+ Ka8 41. Nxh4 Qh3 42. Ng6 Qg2 43. Nf4 Qg8 44. Nxe6 Qxe6 45. f4 c5 46. Qh8+ Ka7 47. Qe5 Qb6 48. Qc3 a5 49. a4 c4 50. Qxc4 1-0

[Event "FRA-ch Youth U16 2019"]
[Site "Hyeres"]
[Date "2019.04.20"]
[Round "8.3"]
[White "Popov, Konstantin"]
[Black "Bassini, Emile"]
[Result "1-0"]
[ECO "B80"]
[WhiteElo "2328"]
[BlackElo "2190"]
[Annotator "NA"]
[PlyCount "124"]
[EventDate "2019.04.14"]
[EventType "swiss"]
[EventCountry "FRA"]
[SourceTitle "playchess.com"]
[Source "ChessBase"]
[SourceQuality "1"]
[TimeControl "5400+30"]

1. e4 c5 2. Nf3 d6 3. d4 cxd4 4. Nxd4 Nf6 5. Nc3 a6 6. g3 e6 7. Bg2 Be7 8. O-O O-O 9. a4 Qc7 10. Be3 Nc6 11. f4 Na5 12. Kh1 Nc4 13. Bc1 Rb8 14. b3 Na5 15. Bb2 b6 16. Qe2 Bb7 17. Nd1 Rfd8 18. Nf2 Nc6 19. c4 Nxd4 20. Bxd4 Nd7 21. Ng4 Bc6 22. b4 a5 23. b5 Bb7 24. f5 e5 25. Be3 f6 26. Nf2 Rbc8 27. Rfc1 Nc5 28. Rc3 Qb8 29. g4 Qa8 30. Bd2 h6 31. h4 Kf8 32. Kg1 Ke8 33. g5 hxg5 34. hxg5 Kd7 35. Rg3 Rh8 36. Be3 Nxe4 37. Nxe4 Bxe4 38. Bxb6 Bxg2 39. Rxg2 Rh4 40. c5 dxc5 41. Qa2 c4 42. Rd1+ Ke8 43. gxf6 gxf6 44. Qf2 Rh5 45. Qe2 Rh4 46. Qf2 Rh5 47. Be3 Qe4 48. Qg3 Qxf5 49. Qg8+ Bf8 50. Rf2 Rh8 51. Qxf8+ Kxf8 52. Rxf5 Ke7 53. Rf2 Rh3 54. Bb6 c3 55. Bxa5 e4 56. Re1 e3 57. Kg2 Kf7 58. Kxh3 exf2 59. Rf1 c2 60. Bd2 Rd8 61. Bc1 Ra8 62. Rxf2 Rxa4 1-0

[Event "FRA-ch Youth U16 2019"]
[Site "Hyeres"]
[Date "2019.04.20"]
[Round "8.4"]
[White "Bacrot, Alexandre"]
[Black "Ciccoli, Theo"]
[Result "1-0"]
[ECO "A59"]
[WhiteElo "2241"]
[BlackElo "2177"]
[Annotator "NA"]
[PlyCount "95"]
[EventDate "2019.04.14"]
[EventType "swiss"]
[EventCountry "FRA"]
[SourceTitle "playchess.com"]
[Source "ChessBase"]
[SourceQuality "1"]
[TimeControl "5400+30"]

1. d4 Nf6 2. c4 c5 3. d5 b5 4. cxb5 a6 5. bxa6 g6 6. Nc3 Bxa6 7. e4 Bxf1 8. Kxf1 d6 9. g3 Bg7 10. Kg2 O-O 11. Nf3 Nbd7 12. a4 Qa5 13. Bd2 Rfb8 14. Nb5 Qb6 15. Qc2 Ne8 16. Bc3 Nc7 17. Nxc7 Qxc7 18. Bxg7 Kxg7 19. b3 Rb4 20. Rab1 Qb7 21. Nd2 Rb8 22. Nc4 Qa8 23. Rhd1 Nf6 24. Kg1 Nd7 25. Qd3 Kg8 26. f4 Qa6 27. a5 Qb5 28. e5 dxe5 29. fxe5 Rxb3 30. Rxb3 Qxb3 31. Qxb3 Rxb3 32. d6 Kf8 33. dxe7+ Kxe7 34. a6 Nb6 35. a7 Na8 36. Na5 Ra3 37. Nc6+ Ke6 38. Rd6+ Kf5 39. Rd8 Kg4 40. Kf2 Ra2+ 41. Ke1 Nb6 42. Rb8 Ra1+ 43. Ke2 Ra2+ 44. Kd1 Nd5 45. a8=Q Ne3+ 46. Kc1 Rxa8 47. Rxa8 Kh3 48. Rf8 1-0

[Event "FRA-ch Youth U16 2019"]
[Site "Hyeres"]
[Date "2019.04.21"]
[Round "9.1"]
[White "Zachary, Matheo"]
[Black "Degraeve, Remy"]
[Result "0-1"]
[ECO "E02"]
[WhiteElo "2281"]
[BlackElo "2312"]
[Annotator "NA"]
[PlyCount "150"]
[EventDate "2019.04.14"]
[EventType "swiss"]
[EventCountry "FRA"]
[SourceTitle "playchess.com"]
[Source "ChessBase"]
[SourceQuality "1"]
[TimeControl "5400+30"]

1. d4 Nf6 2. c4 e6 3. Nf3 d5 4. g3 dxc4 5. Qa4+ Bd7 6. Qxc4 Bc6 7. Bg2 Nbd7 8. O-O Nb6 9. Qd3 Be4 10. Qd1 c5 11. Nc3 Bc6 12. dxc5 Bxc5 13. Bf4 Qxd1 14. Raxd1 Ke7 15. Ne5 Bxg2 16. Kxg2 Rhd8 17. Nd3 Bd6 18. Bxd6+ Rxd6 19. Nc5 Rxd1 20. Rxd1 Rb8 21. e4 Nfd7 22. N3a4 Nxa4 23. Rxd7+ Ke8 24. Rxb7 Rxb7 25. Nxb7 Kd7 26. b4 Nc3 27. Nc5+ Kc6 28. a4 a5 29. Nd3 axb4 30. Nxb4+ Kc5 31. Nd3+ Kd4 32. Nf4 Nxe4 33. a5 Kc5 34. f3 Nd6 35. Nh5 Ne8 36. g4 Kb5 37. h4 Kxa5 38. g5 Kb5 39. Ng3 Nd6 40. h5 Kc5 41. f4 Kd5 42. Kf3 Nf5 43. Nf1 Nd4+ 44. Kg4 Ke4 45. Ng3+ Kd5 46. Nh1 f5+ 47. gxf6 gxf6 48. Nf2 h6 49. Kg3 e5 50. fxe5 fxe5 51. Kg4 Kd6 52. Ne4+ Ke6 53. Nc3 Nf5 54. Ne4 Nd6 55. Nc3 Ne8 56. Nd1 Nf6+ 57. Kf3 Nxh5 58. Ne3 Nf6 59. Kg3 Nd5 60. Nc4 Kf5 61. Nd6+ Kg6 62. Kf3 Nf6 63. Nc4 Kf5 64. Nd6+ Ke6 65. Nb7 Kd5 66. Nd8 h5 67. Nf7 Kd4 68. Ng5 Kd3 69. Ne6 e4+ 70. Kg3 e3 71. Kf3 Kd2 72. Nf4 h4 73. Kg2 Nd5 74. Nh3 e2 75. Ng1 Nf4+ 0-1

[Event "FRA-ch Youth U16 2019"]
[Site "Hyeres"]
[Date "2019.04.21"]
[Round "9.2"]
[White "Harutyunyan, Ruben"]
[Black "Popov, Konstantin"]
[Result "0-1"]
[ECO "B90"]
[WhiteElo "2310"]
[BlackElo "2328"]
[Annotator "NA"]
[PlyCount "98"]
[EventDate "2019.04.14"]
[EventType "swiss"]
[EventCountry "FRA"]
[SourceTitle "playchess.com"]
[Source "ChessBase"]
[SourceQuality "1"]
[TimeControl "5400+30"]

1. e4 c5 2. Nf3 d6 3. d4 Nf6 4. Nc3 cxd4 5. Nxd4 a6 6. Be3 e5 7. Nb3 Be6 8. h3 Nbd7 9. f4 exf4 10. Bxf4 Rc8 11. Qd2 Ne5 12. O-O-O Qc7 13. g4 b5 14. Kb1 Be7 15. Nd5 Bxd5 16. exd5 O-O 17. Bg2 Nfd7 18. Nd4 Nc4 19. Qf2 Bf6 20. Bc1 Qc5 21. Rhf1 Qb4 22. Ka1 Nc5 23. g5 Be5 24. c3 Qa4 25. Qc2 Qxc2 26. Nxc2 a5 27. Kb1 b4 28. b3 Nb6 29. cxb4 Nb7 30. Be3 Nd7 31. bxa5 Nxa5 32. Bd2 Ra8 33. Bxa5 Rxa5 34. Nd4 Rfa8 35. Rf2 Ra3 36. Bf1 Nc5 37. Rc2 Nxb3 38. Nf3 Bf4 39. Bc4 Na5 40. Nd2 Bxg5 41. Bb5 Rb8 42. Kb2 Rxh3 43. a4 Rd3 44. Ne4 Rxd1 45. Nxg5 Rxd5 46. Ne4 Rd4 47. Nc3 Rxa4 48. Nxa4 Rxb5+ 49. Kc1 h5 0-1